 Dungeon Crawl Stone Soup version 0.32-a0-460-gc8eefc90e7 (webtiles) character file.

Game seed: 1231709818622530146

1 Morbidden the Changeling (level 1, 15/15 HPs)
             Began as a Formicid Shapeshifter on Feb 24, 2024.
             Quit the game on level 1 of the Dungeon.
             The game lasted 00:00:11 (67 turns).

Morbidden the Changeling (Formicid Shapeshifter)      Turns: 67, Time: 00:00:12

Health: 15/15      AC:  2    Str: 18    XL:     1   Next: 22%
Magic:  1/1        EV: 12    Int:  9    God:
Gold:   8          SH:  0    Dex: 13    Spells: 0/0 levels left

rFire   . .          .
                       - Unarmed
rCold   . . .        (no shield)
rNeg    . . .        a - +0 animal skin
rPois   .            (helmet unavailable)
rElec   .            (cloak currently unavailable)
rCorr   .            (gloves currently unavailable)
SInv    +            (boots currently unavailable)
Will    .....        (no amulet)
Stlth   +            (no ring)
HPRegen 0.22/turn    (no ring)
MPRegen 0.07/turn

%: no passive effects
@: beast-form
A: beast (slay +1), permanent stasis, dig shafts and tunnels, antennae 3, four
strong arms
a: Dig, Shaft Self, Begin Untransformation


You were on level 1 of the Dungeon.
You were a hulking beast.
You visited 1 branch of the dungeon, and saw 1 of its levels.

You collected 8 gold pieces.

Inventory:

Armour
 a - a +0 animal skin (worn)
 e - a +0 ring mail
Talismans
 c - a beast talisman (active)
 d - a flux talisman
Potions
 b - a potion of lignification


   Skills:
 * Level 1.1 Fighting
 * Level 1.7 Dodging
 + Level 3.0 Unarmed Combat
 * Level 3.3 Shapeshifting


You couldn't memorise any spells.
You didn't know any spells.
Your spell library was empty.

Dungeon Overview and Level Annotations

Branches:
Dungeon (1/15)

Altars:


Innate Abilities, Weirdness & Mutations

You are a hulking beast.
Your limbs bulge with bestial killing power. (Slay +1)
You cannot be hasted, slowed, berserked, paralysed or teleported.
You can dig through walls and to a lower floor.
You have a pair of large antennae on your head. (SInv)
Your four strong arms can wield two-handed weapons with a shield.


Message History

The fabulous Orb of Zot lies far below, as if waiting for you to find it.
Press ? for a list of commands and other information.
Found a staircase leading out of the dungeon.
You open the door.
There is an open door here.
You sense a monster nearby.
No target in view!
You now have 8 gold pieces.
Found a ring mail.
No target in view!
A hobgoblin comes into view.
Unknown command.
A hobgoblin is nearby!
The hobgoblin hits you.
A hobgoblin is nearby!
You closely miss the hobgoblin. The hobgoblin hits you.
Unknown command.
A hobgoblin is nearby!
You barely miss the hobgoblin.
A hobgoblin is nearby!
You hit the hobgoblin.
You kill the hobgoblin!
Key pressed, stopping explore.
No target in view!
Unknown command.
No target in view!
Unknown command.
HP restored.
You sense a monster nearby.
No target in view!
Unknown command.
No target in view!
Unknown command.
No target in view!
Unknown command.
You see here a +0 ring mail.
e - a +0 ring mail
Okay, then.
Unknown command.
Are you sure you want to abandon this character and quit the game? (Confirm with "yes".)

.. ..# #. #.. .####....
##.##.### #.....# ..
......#.###.#
#..............#.♣♣. ##
##.##.###.##.........
...#...#.###.#...#.....
.#.##..#.#.#.#...# ##.#
.#.........#.#..h# .
...#...#.#.#.#...#
#.#...#.#...#...#.#
#.....#...........#
####.#######.....###
.....# #.....# ###.##
#...### #.# #...#
###.###### #...#


There were no monsters in sight!

Vanquished Creatures
  A hobgoblin (D:1)
1 creature vanquished.

Notes
Turn   | Place    | Note
-------+----------+-------------------------------------------
     0 | D:1      | Morbidden the Formicid Shapeshifter began the quest for the
                  | Orb.
     0 | D:1      | Reached XP level 1. HP: 15/15 MP: 1/1
    67 | D:1      | Quit the game

Illustrated notes

Levels and vault maps discovered:
D:1:      noname_arrival_rooms_in_the_neighbourhood, layout_basic,
          chequers_mini_garden, kennysheep_small_spiral

Action                     || total
---------------------------++-------
  Melee: Unarmed           ||     3
 Armour: Animal skin       ||     2

Table legend: (Time is in decaauts)
 A = Elapsed time spent in this place.
 B = Non-inter-level travel time spent in this place.
 C = Inter-level travel time spent in this place.
 D = Time resting spent in this place.
 E = Time spent auto-exploring this place.
 F = Levels seen in this place.
 G = Mean time per level.
                   A        B        C        D        E       F      G
               +--------+--------+--------+--------+--------+-----+--------+
         Total |     66 |     66 |      0 |      0 |     52 |   1 |   66.0 |
       Dungeon |     66 |     66 |      0 |      0 |     52 |   1 |   66.0 |
               +--------+--------+--------+--------+--------+-----+--------+

Top non-repeatable levels by time:
     D:1: 66 daAuts
